 Dungeon Crawl Stone Soup version 0.31-a0-1405-g2bb1a01664 (webtiles) character file.

Game seed: 4718766109189586453

91 ZeroWinrate the Grave Robber (level 4, -1/33 HPs)
             Began as a Ghoul Necromancer on Nov 30, 2023.
             Slain by a gnoll
             ... wielding a +0 flail
              (6 damage)
             ... on level 2 of the Dungeon on Dec 25, 2023.
             The game lasted 00:06:47 (2757 turns).

ZeroWinrate the Grave Robber (Ghoul Necromancer)    Turns: 2757, Time: 00:06:48

Health: -1/33      AC:  3    Str: 11    XL:     4   Next: 59%
Magic:  1/8        EV: 12    Int: 16    God:
Gold:   103        SH:  0    Dex: 15    Spells: 0/8 levels left

rFire   . . .        (no weapon)
rCold   + . .        (no shield)
rNeg    + + +        a - +0 robe
rPois   ∞            (no helmet)
rElec   .            m - +0 cloak
rCorr   .            (no gloves)
SInv    .            (no boots)
Will    .....        i - amulet of the acrobat
Stlth   ++           b - +6 ring of dexterity
HPRegen 0.00/turn    (no ring)
MPRegen 0.11/turn

%: acrobat
@: very slightly contaminated, inhibited regen
A: claws 1, cold resistance 1, negative energy resistance 3, inhibited
regeneration, torment resistance 2, devour on kill
a: no special abilities


You were on level 2 of the Dungeon.
You visited 1 branch of the dungeon, and saw 4 of its levels.

You collected 103 gold pieces.

Inventory:

Missiles
 f - 3 javelins
Armour
 a - a +0 robe (worn)
 m - a +0 cloak (worn)
Jewellery
 b - a +6 ring of dexterity (left claw)
 i - an amulet of the acrobat (around neck)
Scrolls
 g - a scroll of teleportation
Potions
 d - 2 potions of magic
 e - a potion of attraction {unknown}
 j - 2 potions of cancellation {unknown}
 k - 2 potions of mutation {unknown}
 l - a potion of curing {unknown}


   Skills:
 + Level 2.5 Dodging
 - Level 2.1 Stealth
 + Level 2.6 Spellcasting
 + Level 4.9 Necromancy


You couldn't memorise any spells.
You knew the following spells:

 Your Spells              Type           Power      Damage    Failure   Level
a - Necrotise             Necr           68%        1d7       2%          1
b - Vampiric Draining     Necr           17%        2d7       8%          3
c - Animate Dead          Necr           17%        N/A       26%         4

Your spell library contained the following spells:

 Spells                   Type           Power      Damage    Failure   Level
 Agony                    Necr           17%        N/A       56%         5


Dungeon Overview and Level Annotations

Branches:
Dungeon (4/15)
 Temple: D:4-7

Altars:
Cheibriados

Shops:
D:1 !(![=


Innate Abilities, Weirdness & Mutations

You are immune to poison.
You have sharp fingernails.
Your flesh is cold resistant. (rC+)
You are immune to negative energy. (rN+++)
You do not regenerate when monsters are visible.
You are immune to unholy pain and torment.
You thrive by killing the living.


Message History

Confirm with . or Enter, or press ? or * to list all spells.
You can't see any susceptible monsters within range! (Use Z to cast anyway.)
The gnoll hits your gnoll skeleton with a +0 flail.
Your gnoll skeleton closely misses the gnoll.
The gnoll barely misses your gnoll skeleton.
The gnoll hits your gnoll skeleton with a +0 flail!
Your gnoll skeleton closely misses the gnoll.
The gnoll hits your gnoll skeleton with a +0 flail!
Your gnoll skeleton is destroyed!
Casting: Necrotise (safe; 2% risk of failure)
Confirm with . or Enter, or press ? or * to list all spells.
Aiming: Necrotise (safe; 2% risk of failure)
Press: ? - help, Shift-Dir - straight line, f - gnoll
Aim: a gnoll, wielding a +0 flail (chance to affect: 81%)
You miscast Necrotise.
You are very lightly contaminated with residual magic.
Nothing appears to happen.
Casting: Necrotise (safe; 2% risk of failure)
Confirm with . or Enter, or press ? or * to list all spells.
Aiming: Necrotise (safe; 2% risk of failure)
Press: ? - help, Shift-Dir - straight line, f/p - gnoll
Aim: a gnoll, wielding a +0 flail (chance to affect: 81%)
The gnoll writhes in agony.
The gnoll hits you with a +0 flail.
Casting: Necrotise (safe; 2% risk of failure)
Confirm with . or Enter, or press ? or * to list all spells.
Aiming: Necrotise (safe; 2% risk of failure)
Press: ? - help, Shift-Dir - straight line, f/p - gnoll
Aim: a gnoll, wielding a +0 flail (lightly wounded, chance to affect: 81%)
The gnoll barely resists.
The gnoll hits you with a +0 flail. The gnoll hits you with a +0 flail!
You climb upwards.
There is a stone staircase leading down here.
As you read the scroll labelled HAIRAFI VIOGI, it crumbles to dust.
It is a scroll of identify.
h - a scroll of summoning The gnoll hits you with a +0 flail.
* * * LOW HITPOINT WARNING * * *
As you read the scroll of summoning, it crumbles to dust.
Wisps of shadow whirl around you... The gnoll hits you with a +0 flail.
You die...

#...#.#...............####......#
#..#...#...............).........
#.#.#.#........#.................
#..#.#.#....##.#.#..._...........
#...#...........................#
#...##........##..............###
#...............#.....#.#.#.#.###
######........#S###.#(......#....
#......###g@.r.............#
###.#.....b.......<#.#......
#.........S.....)#.#.##.#.
############.#............
#.##.......#.## #..'..)....#.##
####.........# ########......##
#.............#


You could see a gnoll (ally target), a friendly adder (summoned), a friendly bat
(summoned, wandering), a friendly ball python (summoned) and a friendly rat
(summoned).

Vanquished Creatures
  An adder (D:3)
  2 gnolls (D:3)
  2 worms (D:2)
  2 dart slugs
  4 ball pythons
  7 endoplasms
  2 giant cockroaches
  5 goblins
  3 hobgoblins
  4 jackals (D:4)
  4 kobolds
  4 quokkas
  2 bats
  2 frilled lizards (D:1)
  3 rats
47 creatures vanquished.

Vanquished Creatures (collateral kills)
  A ball python (D:2)
1 creature vanquished.

Grand Total: 48 creatures vanquished

Notes
Turn   | Place    | Note
-------+----------+-------------------------------------------
     0 | D:1      | ZeroWinrate the Ghoul Necromancer began the quest for the
                  | Orb.
     0 | D:1      | Reached XP level 1. HP: 14/14 MP: 2/2
    40 | D:1      | Found Lareamin's Jewellery Boutique.
   399 | D:1      | Reached XP level 2. HP: 18/20 MP: 0/3
   522 | D:1      | Found Geyclagu's Distillery.
   683 | D:1      | Found Hubuavun's Antique Weapon Boutique.
   701 | D:1      | Found Faom's Antique Armour Boutique.
   879 | D:1      | Found Vunuc's Distillery.
  1161 | D:2      | Found a snail-covered altar of Cheibriados.
  1270 | D:2      | Reached XP level 3. HP: 26/26 MP: 3/5
  1854 | D:3      | Noticed a phantom
  2015 | D:1      | Learned a level 3 spell: Vampiric Draining
  2099 | D:4      | Reached XP level 4. HP: 33/33 MP: 2/6
  2496 | D:4      | Noticed a phantom
  2645 | D:3      | Upgraded the game from 0.31-a0-1074-g0b22e4e0f1 to
                  | 0.31-a0-1405-g2bb1a01664
  2650 | D:3      | Learned a level 4 spell: Animate Dead
  2757 | D:2      | Slain by a gnoll

Illustrated notes

Levels and vault maps discovered:
D:1:      elethiomel_arrival_infinity_welcomes_careful_drivers,
          layout_loops_cross, serial_shops, shop, nicolae_shop_tiny_waterfront,
          shop, shop, shop
D:2:      layout_basic, basic_altar, minmay_tiny_reverse_x
D:3:      minmay_angry_zag, layout_rooms, nicolae_wu_jian_wuxing_cycle,
          corexii_leaking_fountain, hellmonk_guarded_unrand_hermit, uniq_grinder
D:4:      layout_basic, minmay_temple_entry_grid, uniq_menkaure

Skill      XL: |  1  2  3 |
---------------+----------+-----
Spellcasting   | 2 |  2.6
Dodging        | 2 |  2.5
Stealth        | |  2.1
Necromancy     | |  4.9

Action                     |  1- 3 |  4- 6 || total
---------------------------+-------+-------++-------
  Melee: Unarmed           |    28 |    24 ||    52
         Punch             |     1 |       ||     1
  Throw: Javelin           |       |     3 ||     3
   Cast: Necrotise         |    62 |    33 ||    95
    Use: Potion            |     1 |       ||     1
         Scroll            |     2 |     2 ||     4
 Armour: Robe              |    27 |    34 ||    61
  Dodge: Dodged            |    25 |    56 ||    81

Table legend: (Time is in decaauts)
 A = Elapsed time spent in this place.
 B = Non-inter-level travel time spent in this place.
 C = Inter-level travel time spent in this place.
 D = Time resting spent in this place.
 E = Time spent auto-exploring this place.
 F = Levels seen in this place.
 G = Mean time per level.
                   A        B        C        D        E       F      G
               +--------+--------+--------+--------+--------+-----+--------+
         Total |   2762 |   2656 |    106 |    402 |   1675 |   4 |  690.5 |
       Dungeon |   2762 |   2656 |    106 |    402 |   1675 |   4 |  690.5 |
               +--------+--------+--------+--------+--------+-----+--------+

Top non-repeatable levels by time:
     D:1: 1253 daAuts
     D:2: 816 daAuts
     D:4: 604 daAuts
     D:3: 88 daAuts
